Map: Ultralove

Players

HoyaHoya

  • Race: Terran Terran
  • League: Master
  • Spawn Location: 7:00

wootwoot - Winner!

  • Race: Zerg Zerg
  • League: Platinum
  • Spawn Location: 1:00

VOD

Have the link to the VOD?

Description

Time

  • Played on: April 21, 2025, 4:33 p.m.
  • Length: 3:55
Show
View Real Time Build Order
Export as new Build Order

HoyaHoya Terran 

Build Orders: Reaper Expand 

Get SALT Encoding   

  12  0:01  SCV  
  13  0:16  Supply Depot, SCV  
  14  0:29  SCV  
  15  0:38  Barracks  
  15  0:41  Refinery  
  15  0:45  SCV  
  16  0:57  SCV  
  17  1:09  SCV  
  18  1:25  Reaper  
  20  1:26  Orbital Command  
  19  1:44  Command Center  
  19  1:57  Marine  
  19  1:58  Supply Depot  
  20  2:08  Factory  
  20  2:13  Refinery  
  20  2:15  SCV  
  21  2:29  Barracks Reactor  
  19  3:18  Marine x2  
  19  3:19  Hellion  
  22  3:24  Starport  
  20  3:32  Command Center  
  20  3:37  SCV  
Show
View Real Time Build Order
Export as new Build Order

wootwoot Zerg - Winner!

Build Orders: Hatch First 

Get SALT Encoding   

  12  0:01  Drone  
  13  0:12  Overlord  
  13  0:17  Drone  
  14  0:31  Drone x2  
  16  0:47  Hatchery  
  15  0:50  Drone  
  15  0:53  Drone  
  15  0:56  Drone  
  18  0:59  Extractor  
  17  1:13  Spawning Pool  
  17  1:15  Drone  
  17  1:19  Drone  
  18  1:28  Drone  
  19  1:39  Overlord  
  19  2:00  Metabolic Boost  
  19  2:01  Queen  
  19  2:02  Queen  
  19  2:04  Zergling x2  
  19  2:06  Zergling x2  
  25  2:10  Zergling x2  
  25  2:13  Zergling x2  
  27  2:16  Zergling x2  
  28  2:23  Zergling x4  
  30  2:31  Baneling Nest  
  30  2:33  Drone  
  30  2:37  Zergling x2  
  30  2:45  Zergling x2  
  30  2:46  Zergling x2  
  32  2:54  Zergling x4  
  34  3:07  Zergling x4  
  35  3:15  Overlord  
  35  3:27  Baneling x7  
  35  3:34  Zergling x2  
  35  3:35  Zergling x10  
Tags
 
Add a new tag
Caveats
  • Supply blocks, unpowered buildings, or Contaminate may cause inaccurate times.
  • Supply counts are checked every 10 seconds.